 Dungeon Crawl Stone Soup version 0.18-a0-1639-g7533f42 (webtiles) character file.

47 namelastname112 the Insei (level 3, -1/27 HPs)
             Began as a Draconian Monk on Mar 27, 2016.
             Slain by a worker ant (4 damage)
             ... on level 4 of the Dungeon.
             The game lasted 00:02:13 (2044 turns).

namelastname112 the Insei (Draconian Monk)          Turns: 2044, Time: 00:02:14

Health: -1/27      AC:  5    Str: 13    XL:     3   Next: 48%
Magic:  3/3        EV: 13    Int: 10    God:
Gold:   69         SH:  0    Dex: 14    Spells: 0 memorised, 2 levels left

rFire  + . .     SeeInvis .       - Unarmed
rCold  . . .     Gourm    .     (armour unavailable)
rNeg   . . .     Faith    .     (no shield)
rPois  .         Spirit   .     (helmet restricted)
rElec  .         Dismiss  .     (no cloak)
rCorr  .         Reflect  .     (no gloves)
SustAt +         Harm     .     (no boots)
MR     .....                    (no amulet)
Stlth  ++........               (no ring)
                                g - ring of sustain attributes

@: not resistant to hostile enchantments, unstealthy
A: unfitting armour, fire resistance 1, frail 1, evolution 1, cold-blooded, AC
+5
a: no special abilities


You were on level 4 of the Dungeon.
You were hungry.

You visited 1 branch of the dungeon, and saw 4 of its levels.

You collected 69 gold pieces.

Inventory:

Jewellery
 g - a ring of sustain attributes (left hand)
Scrolls
 b - 3 scrolls of remove curse
 d - 2 scrolls of teleportation {unknown}
 h - 2 scrolls of fear {unknown}
 i - a scroll of enchant armour {unknown}
 k - a scroll of blinking {unknown}
 m - a scroll of immolation {unknown}
 n - a scroll of identify {unknown}
Potions
 c - 4 potions of cancellation {unknown}
 e - 2 potions of invisibility {unknown}
 f - 2 potions of agility {unknown}
 j - a potion of curing {unknown}
 l - a potion of cure mutation {unknown}
Comestibles
 a - a bread ration


   Skills:
 - Level 3.2 Fighting
 - Level 2.6 Dodging
 - Level 1.7 Stealth
 + Level 5.3 Unarmed Combat


You had 2 spell levels left.
You didn't know any spells.

Dungeon Overview and Level Annotations

Branches:
Dungeon (4/15)
 Temple: D:4-7

Altars:
Okawaru

Annotations:
D:3 syage's ghost, amateur FoFi


Innate Abilities, Weirdness & Mutations

Your plain brown scales are hard (AC +5).
Your body does not fit into most forms of armour.
You are cold-blooded and may be slowed by cold attacks.
Your flesh is heat resistant.
You are frail (-10% HP).
You evolve.


Message History

You are too injured to fight recklessly!
You barely miss the worker ant. You tail-slap the worker ant.
The worker ant is moderately wounded.
The worker ant barely misses you.
You hit the worker ant.
The worker ant is heavily wounded.
The worker ant bites you.
* * * LOW HITPOINT WARNING * * *
You completely miss the worker ant.
The worker ant is heavily wounded.
The worker ant bites you.
* * * LOW HITPOINT WARNING * * *
The worker ant barely misses you.
You barely miss the worker ant. You tail-slap the worker ant.
The worker ant is severely wounded.
The worker ant bites you but does no damage.
You hit the worker ant but do no damage.
The worker ant is severely wounded.
The worker ant bites you.
You die...

...........
.#.........
..........#
..........
.#.#.....##
..........###
............#
#....a@<.#
.............#
####.....##...#
##...## ....
##### ##.


You could see a worker ant.

Vanquished Creatures
  An adder (D:2)
  A worm (D:3)
  A dart slug (D:1)
  A giant gecko (D:1)
  7 bats
  2 giant cockroaches
  3 hobgoblins (D:1)
  2 jackals (D:3)
  A quokka (D:3)
  4 giant newts
  3 goblins
  4 kobolds
  5 rats
35 creatures vanquished.

Notes
Turn   | Place    | Note
--------------------------------------------------------------
     0 | D:1      | namelastname112 the Draconian Monk began the quest for the Orb.
     0 | D:1      | Reached XP level 1. HP: 19/19 MP: 1/1
   713 | D:1      | Reached XP level 2. HP: 26/26 MP: 2/2
  1164 | D:2      | Reached skill level 5 in Unarmed Combat
  1295 | D:2      | Reached XP level 3. HP: 31/31 MP: 3/3
  1514 | D:3      | Noticed syage's ghost (amateur FoFi)
  1526 | D:3      | Gained mutation: Your flesh is heat resistant. [potion of mutation]
  1526 | D:3      | Gained mutation: You are frail (-10% HP). [potion of mutation]
  1526 | D:3      | Gained mutation: You evolve. [potion of mutation]
  1909 | D:3      | Found an iron altar of Okawaru.
  2044 | D:4      | Slain by a worker ant

Vault maps used:
D:1:      arrival_zaba_pyramid
D:3:      okawaru_trees_1, grunt_temple_overflow_open, uniq_iyjb, uniq_natasha

Skill      XL: |  1  2 |
---------------+-------+-----
Unarmed Combat | 5 |  5.3
Fighting       | |  3.2
Dodging        | |  2.6
Stealth        | |  1.7

Action                   || total
-------------------------++-------
Melee: Unarmed           ||   136
  Use: Potion            ||     2
       Scroll            ||     1
 Stab: Sleeping          ||     2
  Eat: Chunk             ||     1
       Royal jelly       ||     1
